 Dungeon Crawl Stone Soup version 0.24-a0-164-g56e1b8f (console) character file.

Game seed: 16598339655808315557

56968 Duffy the Thaumaturge (level 14, 132/132 HPs)
             Began as a Naga Fire Elementalist on Mar 6, 2019.
             Was a High Priest of Vehumet.
             Quit the game on level 3 of the Lair of Beasts.
             The game lasted 00:43:37 (27821 turns).

Duffy the Thaumaturge (Naga Fire Elementalist)     Turns: 27821, Time: 00:43:38

Health: 132/132    AC: 22    Str: 14    XL:     14   Next: 84%
Magic:  30/30      EV:  7    Int: 28    God:    Vehumet [*****.]
Gold:   563        SH: 13    Dex: 12    Spells: 8/37 levels left

rFire    + . .     SeeInvis +   k - staff of conjuration {!a}
rCold    x . .     Gourm    .   O - +2 shield {rN+}
rNeg     + . .     Faith    .   a - +1 scale mail "Soadd" {rPois Str+6 Int+7}
rPois    +         Spirit   .   K - +2 helmet
rElec    .         Reflect  .   E - +0 cloak
rCorr    +         Harm     .   P - +1 pair of gloves
MR       +....                  v - +2 naga barding
Stlth    ++........             R - amulet of the acrobat
HPRegen  0.32/turn              j - ring of fire
MPRegen  0.22/turn              Q - ring of resist corrosion

@: very slow
A: large, fangs 1, yellow scales 1, camouflage 1, see invisible, deformed body,
poison resistance, slowness 2, inhibited regeneration, slow metabolism 1, spit
poison 1, weak 1, subdued magic 1, constrict 1, AC +4
a: Spit Poison, Renounce Religion


You were on level 3 of the Lair of Beasts.
You worshipped Vehumet.
Vehumet was extremely pleased with you.
You were not hungry.

You visited 3 branches of the dungeon, and saw 17 of its levels.
You also visited: Sewer.

You collected 1354 gold pieces.
You spent 791 gold pieces at shops.

Inventory:

Hand Weapons
 w - the +9 dagger "Xemy" {freeze, rC+ rN+ MR+ Str-2}
   (You found it on level 5 of the Lair of Beasts)

   It has been specially enchanted to freeze those struck by it, causing extra
   injury to most foes and up to half again as much damage against particularly
   susceptible opponents.
   It can also slow down cold-blooded creatures.
   It affects your strength (-2).
   It protects you from cold.
   It protects you from negative energy.
   It affects your resistance to hostile enchantments.
 J - a +0 blowgun
Missiles
 Y - 3 throwing nets (quivered)
Armour
 a - the +1 scale mail "Soadd" (worn) {rPois Str+6 Int+7}
   (You found it on level 2 of the Lair of Beasts)

   It affects your strength (+6).
   It affects your intelligence (+7).
   It protects you from poison.
 v - a +2 naga barding (worn)
 E - a +0 cloak (worn)
 K - a +2 helmet (worn)
 O - a +2 shield of positive energy (worn)
 P - a +1 pair of gloves (worn)
 Z - a +4 ring mail of cold resistance
Magical Staves
 k - an uncursed staff of conjuration (weapon) {!a}
 N - an uncursed staff of poison {!a}
Jewellery
 j - a ring of fire (left hand)
 m - an uncursed ring of positive energy
 D - an uncursed ring of wizardry
 Q - a ring of resist corrosion (right hand)
 R - an amulet of the acrobat (around neck)
Wands
 u - a wand of random effects (45)
 x - a wand of scattershot (3)
 y - a wand of paralysis (11)
 G - a wand of flame (13)
 H - a wand of polymorph (4)
 L - a wand of acid (14)
 S - a wand of disintegration (18)
 X - a wand of enslavement (5)
Scrolls
 d - 7 scrolls of fear
 h - 10 scrolls of remove curse
 n - 2 scrolls of teleportation
 r - 4 scrolls of immolation
 s - 2 scrolls of enchant weapon {unknown}
 A - 6 scrolls of blinking
 B - 6 scrolls of amnesia
 C - a scroll of summoning
 F - a scroll of magic mapping {unknown}
 V - a scroll of acquirement {unknown}
 W - a scroll of fog
Potions
 e - 4 potions of brilliance
 f - 9 potions of curing
 g - 2 potions of heal wounds
 i - 7 potions of agility
 l - 2 potions of lignification
 o - a potion of might {unknown}
 p - 2 potions of ambrosia {unknown}
 q - 2 potions of cancellation {unknown}
 t - 3 potions of magic
 I - a potion of haste
 M - a potion of flight {unknown}
 U - a potion of berserk rage {unknown}
Comestibles
 c - 32 rations


   Skills:
 - Level 10.1 Fighting
 - Level 5.0 Dodging
 - Level 3.0 Stealth
 - Level 9.0 Shields
 + Level 12.0 Spellcasting
 + Level 10.0 Conjurations
 - Level 2.0 Translocations
 + Level 10.1 Fire Magic
 - Level 5.0 Earth Magic
 - Level 4.0 Poison Magic
 - Level 5.0 Evocations


You had 8 spell levels left.
You knew the following spells:

 Your Spells              Type           Power        Failure   Level  Hunger
h - Bolt of Magma         Conj/Fire/Erth #######...   3%          5    ###....
j - Sticky Flame          Conj/Fire      #######.     1%          4    None
k - Fireball              Conj/Fire      #######...   1%          5    ###....
l - Conjure Flame         Conj/Fire      #######.     1%          3    None
o - Mephitic Cloud        Conj/Pois/Air  #####...     1%          3    None
u - Bolt of Fire          Conj/Fire      #######...   9%          6    #####..
y - Flame Tongue          Conj/Fire      #####        1%          1    None
B - Blink                 Tloc           N/A          8%          2    None

Your spell library contained the following spells:

 Spells                   Type           Power        Failure   Level  Hunger
 Lightning Bolt           Conj/Air       ######....   12%         5    ###....
 Magic Dart               Conj           ####         1%          1    None
 Throw Flame              Conj/Fire      ######       1%          2    None
 Dazzling Spray           Conj/Hex       ######       1%          3    None
 Inner Flame              Hex/Fire       ######..     1%          3    None
 Passwall                 Tmut/Erth      ###.....     6%          2    None
 Beastly Appendage        Tmut           ##....       12%         1    None
 Corona                   Hex            ##.....      12%         1    None
 Summon Small Mammal      Summ           ##..         12%         1    None
 Lee's Rapid Deconstruct  Erth           ####......   12%         5    ###....
 Spider Form              Tmut/Pois      ###.......   16%         3    None
 Call Imp                 Summ           ##......     19%         2    None
 Ensorcelled Hibernation  Hex/Ice        ##....       19%         2    None
 Slow                     Hex            ##......     19%         2    None
 Sticks to Snakes         Tmut           ##......     19%         2    None
 Swiftness                Chrm/Air       ##......     19%         2    None
 Call Canine Familiar     Summ           ##......     36%         3    None
 Confuse                  Hex            ##......     36%         3    None
 Summon Guardian Golem    Hex/Summ       ##......     36%         3    None
 Tukima's Dance           Hex            ##......     36%         3    None
 Passage of Golubria      Tloc           N/A          50%         4    None
 Ice Form                 Ice/Tmut       ##......     78%         4    None
 Summon Ice Beast         Ice/Summ       ##......     78%         4    None
 Summon Lightning Spire   Summ/Air       ##......     78%         4    None
 Blade Hands              Tmut           ##........   98%         5    ###....
 Darkness                 Hex            ##........   100%        6    #####..
 Invisibility             Hex            ##......     100%        6    #####..


Dungeon Overview and Level Annotations

Branches:
Dungeon (10/15)            Temple (1/1) D:6            Lair (6/6) D:10
 Shoals (0/4) Lair:2       Spider (0/4) Lair:2        Slime (0/5) Lair:5
    Orc (0/2) D:10

Altars:
Ashenzari
Cheibriados
Dithmenos
Elyvilon
Fedhas
Gozag
Hepliaklqana
Kikubaaqudgha
Makhleb
Nemelex Xobeh
Okawaru
Qazlal
Ru
Sif Muna
Trog
Uskayaw
Vehumet
Wu Jian
Xom
Yredelemnul
Zin
The Shining One

Shops:
D:6 !   D:9 [


Innate Abilities, Weirdness & Mutations

You cannot wear boots.
Your serpentine skin is tough. (AC +4)
You have supernaturally acute eyesight. (SInv)
Armour fits poorly on your strangely shaped body.
Your system is resistant to poisons. (rPois)
You cover ground very slowly.
You have a slow metabolism.
You can spit poison.
You can use your snake-like lower body to constrict enemies.
You have very sharp teeth.
You are partially covered in yellow scales. (AC +2)
Your skin changes colour to match your surroundings (Stealth+).
You do not regenerate when monsters are visible.
You are weak. (Str -2)
Your spells are a little easier to cast, but a little less powerful.


Message History

Done exploring.
Done exploring.
Done exploring.
Done exploring.
Done exploring.
Really quaff the potion of mutation?
You feel extremely strange.
You feel more energetic.
You feel weaker.
Your teeth lengthen and sharpen.
Magic restored.
Done exploring.
Done exploring.
Really quaff the potion of mutation?
You feel extremely strange.
Your connection to magic feels subdued.
Yellow scales grow over part of your body.
Your regeneration stops near monsters.
Your skin functions as natural camouflage.
Done exploring.
Done exploring.
Are you sure you want to abandon this character and quit the game? (Confirm with "yes".)

.####....###.#.#......###.P.##..##
#####.....#######.......#.#.##...#
............###.P...............##
................................##
....<...........................P#
................................##
.......=..........(.............#
#P##.)..........................#
#####....##.#.##P@............).#
........###..####...............#
...#....# #..## #.....#.###.....##
...##...# #...# #.....######.##..#
........###...###.....##.....##.##
....#...P##.....'.....#......##.P#
#.'#....#########............##..#
.#......# ####......#.........#
........######.#......#.P..#.##..#


There were no monsters in sight!

Vanquished Creatures
  Rupert (Lair:3)
  Josephine (D:10)
  4 hydras
  Erica (D:10)
  A two-headed ogre (D:9)
  The ghost of Buarolus the Thaumaturge, a journeyman DEFE of Vehumet (Lair:2)
  10 death yaks
  Nergalle (D:10)
  4 lindwurms (Lair:3)
  Joseph (Lair:1)
  3 black mambas
  6 elephants
  29 spiny frogs
  A rime drake (Lair:4)
  12 komodo dragons
  2 polar bears
  Grinder (D:3)
  4 tyrant leeches (Lair:6)
  3 hornets
  23 blink frogs
  9 hippogriffs
  4 dream sheep (Lair:6)
  A vampire (D:10)
  5 wraiths (D:10)
  2 redbacks (Lair:2)
  2 wyverns (Lair:4)
  Sigmund (D:3)
  26 yaks
  A basilisk (Lair:6)
  A human (D:7)
  2 hungry ghosts (D:8)
  6 vampire mosquitoes
  Menkaure (D:5)
  14 water moccasins
  5 porcupines
  4 ice beasts
  3 orc warriors
  A sky beast (D:5)
  6 ogres
  2 phantoms
  A necrophage (D:9)
  3 black bears
  12 wolves
  7 centaurs
  14 crocodiles
  A big kobold (D:8)
  The ghost of Hybris the Sneak, an amateur SpAs of Dithmenos (D:3)
  24 bullfrogs
  2 wyvern skeletons
  A gnoll sergeant (D:9)
  A scorpion (D:6)
  9 killer bees
  10 howler monkeys
  3 wights (D:9)
  An electric eel (Lair:6)
  A crimson imp (D:5)
  A centaur zombie (D:7)
  5 jellies
  8 orc wizards
  Crazy Yiuf (D:4)
  7 hounds
  5 orc priests
  4 bullfrog skeletons
  Ijyb (D:2)
  Natasha (thrice) (D:4)
  3 iguanas
  9 worker ants
  A hound zombie (D:6)
  Robin (D:4)
  A howler monkey skeleton (D:4)
  A worker ant zombie (D:5)
  4 gnolls (D:9)
  A howler monkey zombie (D:6)
  13 adders
  3 shadow imps
  A white imp (D:8)
  An ufetubus (D:5)
  5 oozes (D:8)
  2 adder skeletons
  An adder zombie (D:8)
  6 worms
  8 leopard geckos
  30 orcs
  6 ball pythons
  6 bats
  15 giant cockroaches
  19 goblins
  9 hobgoblins
  17 jackals
  20 kobolds
  A quokka (D:4)
  15 frilled lizards
  2 jackal skeletons
  A jackal zombie (D:9)
  9 rats
  2 fungi
  4 plants (Lair:6)
548 creatures vanquished.

Vanquished Creatures (collateral kills)
  An orc priest (D:6)
  3 orcs (D:6)
4 creatures vanquished.

Vanquished Creatures (others)
  2 porcupines (D:10)
  A killer bee (D:9)
  13 fungi
  47 plants
63 creatures vanquished.

Grand Total: 615 creatures vanquished

Notes
Turn   | Place    | Note
-------+----------+-------------------------------------------
     0 | D:1      | Duffy the Naga Fire Elementalist began the quest for the
                  | Orb.
     0 | D:1      | Reached XP level 1. HP: 15/15 MP: 3/3
   163 | D:1      | Reached XP level 2. HP: 22/22 MP: 3/5
   529 | D:1      | Reached XP level 3. HP: 28/28 MP: 2/6
   535 | D:1      | Learned a level 3 spell: Conjure Flame
  1330 | D:2      | Reached XP level 4. HP: 36/36 MP: 5/7
  1899 | D:3      | Learned a level 4 spell: Sticky Flame
  2175 | D:3      | Noticed Ijyb
  2176 | D:3      | Noticed Sigmund
  2196 | D:2      | Killed Ijyb
  2196 | D:2      | Reached XP level 5. HP: 37/42 MP: 0/9
  2530 | D:3      | Killed Sigmund
  2530 | D:3      | Reached skill level 3 in Spellcasting
  2530 | D:3      | Reached XP level 6. HP: 44/49 MP: 4/11
  3329 | D:3      | Noticed Grinder
  3345 | D:3      | Killed Grinder
  3345 | D:3      | Reached skill level 4 in Spellcasting
  3345 | D:3      | Reached skill level 5 in Conjurations
  3345 | D:3      | Reached skill level 5 in Fire Magic
  3345 | D:3      | Reached XP level 7. HP: 42/55 MP: 0/13
  3479 | D:3      | Found a runed translucent door.
  3493 | D:3      | Noticed Hybris's ghost (amateur SpAs)
  3499 | D:3      | Killed Hybris's ghost
  3637 | D:3      | Found a stormy altar of Qazlal.
  3638 | D:3      | Found a burning altar of Makhleb.
  3640 | D:3      | Found a glowing silver altar of Zin.
  3648 | D:3      | Found a shimmering altar of Xom.
  3649 | D:3      | Found a shadowy altar of Dithmenos.
  3649 | D:3      | Found a shattered altar of Ashenzari.
  3649 | D:3      | Found a blossoming altar of Fedhas.
  3650 | D:3      | Found a sparkling altar of Nemelex Xobeh.
  3651 | D:3      | Found a hazy altar of Hepliaklqana.
  3653 | D:3      | Found a white marble altar of Elyvilon.
  3654 | D:3      | Found an iron altar of Okawaru.
  3728 | D:4      | Found a glowing drain.
  3848 | Sewer    | Entered a sewer
  4087 | Sewer    | Reached XP level 8. HP: 62/62 MP: 11/15
  4533 | D:4      | Noticed Natasha
  4539 | D:4      | Killed Natasha
  4539 | D:4      | Reached skill level 5 in Spellcasting
  4651 | D:4      | Found a runed translucent door.
  4651 | D:4      | Noticed Natasha
  4651 | D:4      | Noticed Crazy Yiuf
  4738 | D:4      | Killed Crazy Yiuf
  4741 | D:4      | Killed Natasha
  4960 | D:4      | Noticed Robin
  4964 | D:4      | Killed Robin
  4972 | D:4      | Noticed Natasha
  4979 | D:4      | Killed Natasha
  5222 | D:5      | Entered Level 5 of the Dungeon
  5303 | D:5      | Noticed Menkaure
  5313 | D:5      | Killed Menkaure
  5464 | D:5      | Learned a level 5 spell: Fireball
  5695 | D:5      | Reached XP level 9. HP: 60/68 MP: 8/17
  5740 | D:5      | Reached skill level 6 in Spellcasting
  6411 | D:6      | Reached skill level 1 in Evocations
  6934 | D:6      | Found a white marble altar of Elyvilon.
  6999 | D:6      | Found a staircase to the Ecumenical Temple.
  7578 | D:6      | Found Jair's Distillery.
  7597 | D:6      | Bought a potion of heal wounds for 60 gold pieces
  7597 | D:6      | Bought a potion of brilliance for 48 gold pieces
  7597 | D:6      | Bought a potion of agility for 48 gold pieces
  7597 | D:6      | Bought a potion of mutation for 96 gold pieces
  8569 | Temple   | Entered the Ecumenical Temple
  8589 | Temple   | Became a worshipper of Vehumet
  9352 | D:7      | Reached skill level 7 in Spellcasting
  9552 | D:7      | Learned a level 3 spell: Mephitic Cloud
  9555 | D:7      | Learned a level 2 spell: Blink
 10034 | D:8      | Noticed a hornet
 10068 | D:8      | Reached XP level 10. HP: 75/75 MP: 11/20
 10171 | D:8      | Reached skill level 1 in Poison Magic
 10832 | D:8      | Reached * piety under Vehumet
 10832 | D:8      | Offered knowledge of Freeze by Vehumet.
 11218 | D:9      | Reached skill level 1 in Translocations
 11947 | D:9      | Found Getinyre's Antique Armour Emporium.
 11954 | D:9      | Bought a runed shield for 165 gold pieces
 12133 | D:9      | Reached skill level 5 in Evocations
 12234 | D:9      | Noticed a two-headed ogre
 12243 | D:9      | Killed a two-headed ogre
 12243 | D:9      | Reached skill level 1 in Fighting
 12243 | D:9      | Reached skill level 1 in Shields
 12412 | D:9      | Reached skill level 8 in Spellcasting
 12416 | D:9      | Reached XP level 11. HP: 86/86 MP: 16/23
 12650 | D:10     | Entered Level 10 of the Dungeon
 12650 | D:10     | Noticed Nergalle
 12663 | D:10     | Killed Nergalle
 12740 | D:10     | Offered knowledge of Sandblast by Vehumet.
 12810 | D:10     | Noticed Erica
 12840 | D:10     | Killed Erica
 12840 | D:10     | Reached ** piety under Vehumet
 13679 | D:10     | Found a staircase to the Orcish Mines.
 13906 | D:10     | Found a staircase to the Lair.
 14087 | D:10     | Noticed Josephine
 14098 | D:10     | Killed Josephine
 14098 | D:10     | Reached skill level 5 in Fighting
 14098 | D:10     | Reached skill level 9 in Spellcasting
 14705 | D:10     | Reached skill level 5 in Shields
 14976 | Lair:1   | Entered Level 1 of the Lair of Beasts
 15171 | Lair:1   | Offered knowledge of Static Discharge by Vehumet.
 15469 | Lair:1   | Reached XP level 12. HP: 103/103 MP: 13/25
 15863 | Lair:1   | Noticed Joseph
 15867 | Lair:1   | Killed Joseph
 16406 | D:9      | Bought a pitted ring mail for 198 gold pieces
 16416 | D:9      | Identified the +4 ring mail of the Land of Plenty {*Contam
                  | rN+ Dex+2} (You bought it in a shop on level 9 of the
                  | Dungeon)
 16417 | D:9      | Bought a runed scarf for 176 gold pieces
 16999 | Lair:2   | Found a runed translucent door.
 16999 | Lair:2   | Reached *** piety under Vehumet
 17000 | Lair:2   | Noticed Buarolus's ghost (journeyman DEFE)
 17108 | Lair:2   | Got a shadowed robe
 17123 | Lair:2   | Identified the cursed +0 robe "Hicoqep" {Int+4} (You found
                  | it on level 2 of the Lair of Beasts)
 17176 | Lair:2   | Found a staircase to the Shoals.
 17287 | Lair:2   | Found a hole to the Spider Nest.
 17637 | Lair:2   | Killed Buarolus's ghost
 17639 | Lair:2   | Got a steaming scale mail
 18476 | Lair:3   | Noticed a five-headed hydra
 18487 | Lair:3   | Killed a five-headed hydra
 18833 | Lair:3   | Noticed Rupert
 18834 | Lair:3   | Paralysed by Rupert for 6 turns
 19374 | Lair:4   | Noticed an eight-headed hydra
 19378 | Lair:4   | Killed an eight-headed hydra
 19378 | Lair:4   | Offered knowledge of Ignite Poison by Vehumet.
 19795 | Lair:4   | Gained mutation: You can use your snake-like lower body to
                  | constrict enemies. [Naga growth]
 19795 | Lair:4   | Reached XP level 13. HP: 109/109 MP: 13/26
 20009 | Lair:4   | Reached skill level 10 in Spellcasting
 20489 | Lair:5   | Reached skill level 10 in Conjurations
 20491 | Lair:5   | Found a staircase to the Slime Pits.
 20492 | Lair:5   | Reached skill level 10 in Fire Magic
 20744 | Lair:5   | Got a fine dagger
 20745 | Lair:5   | Identified the +9 dagger "Xemy" {freeze, rC+ rN+ MR+ Str-2}
                  | (You found it on level 5 of the Lair of Beasts)
 21176 | Lair:5   | Reached **** piety under Vehumet
 22438 | Lair:6   | Entered Level 6 of the Lair of Beasts
 22442 | Lair:6   | Reached skill level 11 in Spellcasting
 22813 | Lair:5   | Offered knowledge of Bolt of Magma by Vehumet.
 22820 | Lair:5   | Learned a level 5 spell: Bolt of Magma
 23080 | Lair:5   | Reached skill level 1 in Earth Magic
 23828 | Lair:6   | Reached XP level 14. HP: 124/124 MP: 6/29
 24115 | Lair:6   | Reached ***** piety under Vehumet
 24115 | Lair:6   | Offered knowledge of Bolt of Fire by Vehumet.
 24125 | Lair:5   | Learned a level 6 spell: Bolt of Fire
 25189 | Lair:6   | Reached skill level 12 in Spellcasting
 25189 | Lair:6   | Reached skill level 5 in Earth Magic
 27023 | Lair:3   | Killed Rupert
 27023 | Lair:3   | Reached skill level 10 in Fighting
 27144 | Lair:3   | Reached skill level 5 in Dodging
 27248 | Lair:3   | Offered knowledge of Lightning Bolt by Vehumet.
 27537 | Lair:3   | Identified the +1 scale mail "Soadd" {rPois Str+6 Int+7}
                  | (You found it on level 2 of the Lair of Beasts)
 27644 | Lair:3   | Gained mutation: Your magical capacity is low. (-10% MP)
                  | [mutagenic glow]
 27807 | Lair:3   | Lost mutation: Your magical capacity is low. (-10% MP)
                  | [potion of mutation]
 27807 | Lair:3   | Gained mutation: You are weak. (Str -2) [potion of
                  | mutation]
 27807 | Lair:3   | Gained mutation: You have very sharp teeth. [potion of
                  | mutation]
 27820 | Lair:3   | Gained mutation: Your spells are a little easier to cast,
                  | but a little less powerful. [potion of mutation]
 27820 | Lair:3   | Gained mutation: You are partially covered in yellow
                  | scales. (AC +2) [potion of mutation]
 27820 | Lair:3   | Gained mutation: You do not regenerate when monsters are
                  | visible. [potion of mutation]
 27820 | Lair:3   | Gained mutation: Your skin changes colour to match your
                  | surroundings (Stealth+). [potion of mutation]
 27821 | Lair:3   | Quit the game

Levels and vault maps discovered:
D:1:      ncdulo_lavacross, layout_loops_ring, palyth_stone_intersect
D:2:      cheibrodos_helix_gallery, layout_basic, kennysheep_crisscross
D:3:      minmay_thinvault, layout_rooms, minitemple,
          ebering_ghost_reflecting_pool, serial_bayou_pond_d, uniq_ijyb,
          uniq_sigmund, uniq_grinder
D:4:      layout_rooms, portal_sewer_entry_a, uniq_robin, uniq_natasha,
          uniq_crazy_yiuf_cottage
D:5:      layout_basic, first_ration, hangedman_abyss_or_decor_slice,
          dk_vineyard_1, uniq_menkaure
D:6:      cheibrodos_quashed, layout_cave_pods, minmay_temple_entry_junction,
          serial_shops, shop, lemuel_tele_altar
D:7:      layout_cave_pods
D:8:      layout_basic, hangedman_little_slice_of_home
D:9:      layout_loops_cross, serial_shops, shop
D:10:     layout_gridville, grunt_lair_entry_orc_guard_hut, david_orc_3,
          uniq_erica, uniq_nergalle, uniq_josephine
Temple:   minmay_freezing_vapour_temple
Lair:1:   layout_cave_pods, grunt_megastairs_2, lemuel_fruit_fields, uniq_joseph
Lair:2:   layout_regular_city, minmay_shoals_entry_centaurs,
          spider_nest_entry_a, gammafunk_ghost_grave, grunt_forest_stairs_basic
Lair:3:   layout_regular_city, minmay_lindwurm_lava, uniq_rupert
Lair:4:   layout_hall_layers, beast_lair_carwin_5
Lair:5:   layout_regular_city, slime_dummy, st_stairs_5
Lair:6:   minmay_lair_end_frog_pond, layout_loops_ring
Sewer:    sewer_frog_island_01

Skill      XL: |  1  2  3  4  5  6  7  8  9 10 11 12 13 14 |
---------------+-------------------------------------------+-----
Conjurations   | 2 3 4 5 6 8 9 10 | 10.0
Spellcasting   | 3 4 5 7 8 9 11 12 | 12.0
Fire Magic     | 4 5 6 8 9 10 | 10.1
Evocations     | 3 5 |  5.0
Poison Magic   | 4 |  4.0
Translocations | 2 |  2.0
Fighting       | 2 5 7 10 | 10.1
Shields        | 2 6 9 |  9.0
Earth Magic    | 3 5 |  5.0
Dodging        | 5 |  5.0
Stealth        | |  3.0

Action                   |  1- 3 |  4- 6 |  7- 9 | 10-12 | 13-15 || total
-------------------------+-------+-------+-------+-------+-------++-------
Melee: Spear             |       |       |     8 |       |       ||     8
       Quarterstaff      |       |       |    30 |     8 |       ||    38
       Staff             |       |       |       |     5 |       ||     5
       Whip              |       |       |       |    17 |       ||    17
 Cast: Flame Tongue      |    38 |    85 |   270 |   336 |    11 ||   740
       Sticky Flame      |       |     1 |    16 |    73 |    46 ||   136
       Conjure Flame     |       |       |     4 |    23 |     3 ||    30
       Fireball          |       |       |       |    38 |   139 ||   177
       Mephitic Cloud    |       |       |       |     5 |       ||     5
       Bolt of Magma     |       |       |       |       |    51 ||    51
       Blink             |       |       |       |       |    40 ||    40
 Abil: Spit Poison       |    29 |    24 |    20 |     7 |       ||    80
Evoke: Wand              |       |       |    13 |    21 |     8 ||    42
  Use: Scroll            |       |       |     9 |    11 |     7 ||    27
       Potion            |       |       |     1 |     2 |     2 ||     5
 Stab: Paralysed         |       |       |       |    14 |       ||    14
  Eat: Chunk             |     3 |     6 |    18 |    21 |    26 ||    74
       Ration            |       |       |     1 |     5 |     7 ||    13
Armor: Robe              |     4 |    20 |   133 |    64 |       ||   221
       Ring mail         |       |       |       |    33 |    78 ||   111
Dodge: Dodged            |    10 |    27 |    95 |   114 |    66 ||   312
Block: Shield            |       |       |       |    93 |   120 ||   213

Table legend:
 A = Non-vault XP
 B = Vault XP
 C = Vault XP percentage of total XP
 D = Non-vault monster count
 E = Vault monster count
 F = Vault count percentage of total count
                 A         B        C        D         E       F
            +---------+---------+-------+---------+---------+-------
      Total |   51014 |   30370 |  37.3 |     385 |     161 |  29.5
            +---------+---------+-------+---------+---------+-------
        D:1 |      47 |       0 |   0.0 |      27 |       0 |   0.0
        D:2 |      81 |      39 |  32.5 |      17 |       3 |  15.0
        D:3 |     167 |     722 |  81.2 |      22 |      23 |  51.1
        D:4 |     312 |     117 |  27.3 |      18 |      16 |  47.1
        D:5 |     704 |     169 |  19.4 |      20 |       1 |   4.8
        D:6 |    1033 |       0 |   0.0 |      37 |       0 |   0.0
        D:7 |     963 |       0 |   0.0 |      23 |       0 |   0.0
        D:8 |    1523 |     163 |   9.7 |      28 |       8 |  22.2
        D:9 |    3769 |       0 |   0.0 |      40 |       0 |   0.0
       D:10 |    1984 |    4287 |  68.4 |      16 |      18 |  52.9
     Lair:1 |    2859 |     578 |  16.8 |      15 |       2 |  11.8
     Lair:2 |    1524 |    1637 |  51.8 |      10 |       6 |  37.5
     Lair:3 |    3807 |    5834 |  60.5 |      14 |       5 |  26.3
     Lair:4 |    5963 |    1940 |  24.5 |      19 |       6 |  24.0
     Lair:5 |   16647 |    3891 |  18.9 |      45 |      15 |  25.0
     Lair:6 |    9631 |   10767 |  52.8 |      34 |      39 |  53.4
      Sewer |       0 |     226 | 100.0 |       0 |      19 | 100.0
            +---------+---------+-------+---------+---------+-------
